 Dungeon Crawl Stone Soup version 0.17-a0-1020-ge683cc4 (webtiles) character file.

106 Herrn the Changer (level 4, 0/43 HPs)
             Began as an Octopode Transmuter on May 17, 2015.
             Slain by a hobgoblin
             ... wielding a +0 club
              (3 damage)
             ... on level 2 of the Dungeon.
             The game lasted 00:04:27 (2041 turns).

Herrn the Changer (Octopode Transmuter)             Turns: 2041, Time: 00:04:28

Health: 0/43       AC: 23    Str:  9    XL:     4   Next: 84%
Magic:  7/7        EV:  2    Int: 15    God:
Gold:   139        SH:  4    Dex: 19    Spells: 2 memorised, 3 levels left

rFire  . . .     SeeInvis .       - Unarmed
rCold  . . .     Clarity  .     n - +0 buckler
rNeg   + + +     SustAb   .     (helmet currently unavailable)
rPois  +         Gourm    .     (no amulet)
rElec  .         Spirit   .     d - +1 ring of protection
rCorr  .         Warding  .     m - ring of protection from magic
rMut   .         NoTele   +     q - +6 ring of dexterity
MR     +....                    (no ring)
Stlth  ++........               (no ring)
                                (no ring)
                                (no ring)
                                (no ring)

@: tree-form, somewhat resistant to hostile enchantments, unstealthy
A: almost no armour, amphibious, 8 rings, (constrict 8), (camouflage 0),
(gelatinous body 0)
a: no special abilities


You were on level 2 of the Dungeon.
You were hungry.
You were a tree.
You visited 1 branch of the dungeon, and saw 3 of its levels.

You collected 139 gold pieces.

Inventory:

Missiles
 a - 37 arrows
Armour
 n - a +0 buckler (worn)
Jewellery
 d - a +1 ring of protection (left branch)
 m - a ring of protection from magic (right branch)
 q - a +6 ring of dexterity (on tentacle)
Magical devices
 r - a wand of flame (20)
Scrolls
 e - a scroll of fog {unknown}
 g - a scroll of immolation {unknown}
 h - a scroll of blinking {unknown}
 j - 2 scrolls of identify {unknown}
Potions
 k - a potion of ambrosia {unknown}
 o - a potion of poison {unknown}
 p - a potion of lignification
Books
 b - a book of Changes

   Spells                             Type                      Level
   a - Beastly Appendage              Transmutation                1
   b - Sticks to Snakes               Transmutation                2
   c - Spider Form                    Transmutation/Poison         3
   d - Ice Form                       Ice/Transmutation            4
   e - Blade Hands                    Transmutation                5
Comestibles
 c - 3 bread rations
 i - 2 meat rations
 l - a chunk of flesh


   Skills:
 + Level 1.9 Fighting
 + Level 2.6 Dodging
 + Level 0.2 Shields
 + Level 3.4 Unarmed Combat
 - Level 2.0 Spellcasting
 * Level 3.7 Transmutations


You had 3 spell levels left.
You knew the following spells:

 Your Spells              Type           Power        Failure   Level  Hunger
a - Beastly Appendage     Trmt           ##....       10%         1    #......
b - Spider Form           Trmt/Pois      #.........   61%         3    ###....


Dungeon Overview and Level Annotations

Branches:
Dungeon (3/15)

Altars:
Yredelemnul
The Shining One


Innate Abilities, Weirdness & Mutations

You cannot wear most types of armour.
You are amphibious.
You can wear up to eight rings at the same time.
((You can use your tentacles to constrict eight enemies at once.))
((Your skin changes colour to match your surroundings (Stealth).))
((Your rubbery body absorbs attacks (AC +1).))


Message History

It was a potion of cure mutation.
It has a very clean taste.
The hobgoblin hits you with a club.
* * * LOW HITPOINT WARNING * * *
The orc priest completely misses you. The orc barely misses you.
Drink which item? (? for menu, Esc to quit)
It was a potion of lignification.
Your tentacle spike disappears.
You turn into a tree.
Your roots penetrate the ground.
The hobgoblin hits you with a club.
* * * LOW HITPOINT WARNING * * *
The orc priest looks braver.
The orc hits you but does no damage.
You smack the orc priest!
You kill the orc priest!
You block the hobgoblin's attack. The orc hits you but does no damage.
Unknown command.
You closely miss the hobgoblin.
The hobgoblin hits you but does no damage.
The hobgoblin hits you with a club.
You die...

...##.# #...# #.#
#..##.######.### #.#
#............### #.#
#.###..........#########.#
#.# #.###................#
#.###.#...........#####..#
.........#.###.##.# #..##
......#..#.##..o#.#####...##
..............#g♣..[....<..##
#######....##...#g.).#####..#
#####....##........# #..#
#............##.#..# #..#
#)###.#..##..##.##.# #..# #÷#
#.#..##.###.##.#####..# #.#
#.#..##.# #.##........##
##.###.#..##.# #.###........#
##...##.#..##.###.#
###......#


You could see an orc and 2 hobgoblins.

Vanquished Creatures
  An orc priest (D:2)
  4 adders (D:2)
  3 worms (D:2)
  2 giant cockroaches (D:1)
  2 goblins (D:2)
  4 hobgoblins
  5 kobolds
  A ball python (D:2)
  7 bats
  4 giant newts
  A rat (D:2)
34 creatures vanquished.

Notes
Turn   | Place    | Note
--------------------------------------------------------------
     0 | D:1      | Herrn the Octopode Transmuter began the quest for the Orb.
     0 | D:1      | Reached XP level 1. HP: 13/13 MP: 3/3
   479 | D:1      | Reached XP level 2. HP: 18/18 MP: 5/5
  1036 | D:2      | Reached XP level 3. HP: 16/23 MP: 6/6
  1241 | D:2      | Learned a level 3 spell: Spider Form
  1519 | D:2      | Reached XP level 4. HP: 23/28 MP: 5/7
  1791 | D:2      | Found a glowing golden altar of the Shining One.
  1793 | D:2      | Noticed an angel
  1800 | D:2      | Found a basalt altar of Yredelemnul.
  1802 | D:2      | Noticed a profane servitor
  2041 | D:2      | Slain by a hobgoblin

Vault maps used:
D:1:      dpeg_arrival_rhombi
D:2:      grunt_temple_overflow_holy_war, first_bread, corner_web_ring
D:3:      portal_sewer_entry_e, uniq_iyjb, uniq_natasha

Action                   |  1- 3 |  4- 6 || total
-------------------------+-------+-------++-------
Melee: Unarmed           |    75 |    21 ||    96
 Cast: Beastly Appendage |     9 |     5 ||    14
  Use: Potion            |     1 |     2 ||     3
 Stab: Sleeping          |     3 |     2 ||     5
  Eat: Chunk             |     2 |     1 ||     3
